 Dungeon Crawl Stone Soup version 0.30-a0-1161-g0704695555 (webtiles) character file.

Game seed: 6236863911325155883

4415 kae the Changer (level 9, -1/63 HPs)
             Began as a Demigod Transmuter on Apr 27, 2023.
             Slain by Joseph
             ... wielding a +0 quarterstaff
              (10 damage)
             ... on level 8 of the Dungeon.
             The game lasted 00:13:42 (10555 turns).

kae the Changer (Demigod Transmuter)               Turns: 10555, Time: 00:13:42

Health: -1/63      AC:  4    Str: 15    XL:     9   Next: 91%
Magic:  0/22       EV: 12    Int: 23    God:
Gold:   419        SH:  0    Dex: 14    Spells: 6/21 levels left

rFire   . .          .
                       - Unarmed
rCold   . . .        (shield currently unavailable)
rNeg    . . .        a - +1 robe
rPois   .            (no helmet)
rElec   .            l - +0 cloak
rCorr   .            (gloves currently unavailable)
SInv    +            (no boots)
Will    .....        G - amulet of guardian spirit
Stlth   +            v - ring of see invisible
HPRegen 0.30/turn    (no ring)
MPRegen 0.18/turn

%: guardian spirit
@: blade hands (expiring), wereblooded
A: high MP 1, forlorn, divine attributes
a: End Transformation


You were on level 8 of the Dungeon.
You had blades for hands.
You visited 1 branch of the dungeon, and saw 8 of its levels.
You also visited: Sewer and Ossuary.

You collected 419 gold pieces.


Innate Abilities, Weirdness & Mutations

You have blades for hands.
Your spellcasting is less reliable in this form.
You are incapable of wielding weapons or throwing items.
You have an increased reservoir of magic. (+10% MP)
You shall have no god before yourself.
Your divine heritage dramatically boosts your attributes as you level up.


   Skills:
 - Level 0.8 Fighting
 - Level 1.7 Dodging
 + Level 6.9 Unarmed Combat
 + Level 6.7 Spellcasting
 + Level 7.4 Transmutations
 - Level 6.0 Ice Magic
 - Level 2.0 Poison Magic


You had 6 spell levels left.
You knew the following spells:

 Your Spells              Type           Power      Damage    Failure   Level
a - Beastly Appendage     Tmut           82%        N/A       11%         1
b - Wereblood             Tmut           41%        N/A       12%         2
c - Spider Form           Tmut/Pois      29%        N/A       28%         3
d - Ice Form              Ice/Tmut       38%        N/A       32%         4
e - Blade Hands           Tmut           20%        N/A       47%         5

Your spell library contained the following spells:

 Spells                   Type           Power      Damage    Failure   Level
 Apportation              Tloc           14%        N/A       41%         1
 Magic Dart               Conj           28%        1d4       41%         1
 Necrotise                Necr           28%        1d5       41%         1
 Summon Small Mammal      Summ           28%        N/A       41%         1
 Searing Ray              Conj           14%        2d5       50%         2
 Static Discharge         Conj/Air       14%        2-3/arc   50%         2
 Call Canine Familiar     Summ           7%         N/A       67%         3
 Gell's Gravitas          Tloc           7%         N/A       67%         3
 Portal Projectile        Hex/Tloc       14%        N/A       67%         3
 Summon Guardian Golem    Hex/Summ       7%         N/A       67%         3
 Teleport Other           Tloc           7%         N/A       67%         3
 Airstrike                Air            3%         2d(1-17)  92%         4
 Animate Armour           Summ/Erth      14%        N/A       92%         4
 Fulminant Prism          Conj/Hex       3%         3d5       92%         4
 Leda's Liquefaction      Hex/Erth       3%         N/A       92%         4
 Summon Lightning Spire   Summ/Air       7%         N/A       92%         4
 Dispersal                Tloc           3%         N/A       100%        6
 Iron Shot                Conj/Erth      3%         9d2       100%        6

Inventory:

Missiles
 d - 80 stones
 f - 42 poisoned darts
 s - a boomerang
 D - 6 javelins
 H - a throwing net {=f!f}
Armour
 a - a +1 robe (worn)
 l - a +0 cloak (worn)
   (You found it on level 2 of the Dungeon)
Magical Staves
 u - a staff of poison {!a}
   (You found it on level 5 of the Dungeon)
Jewellery
 v - a ring of see invisible (left blade hand)
   (You found it on level 1 of the Dungeon)
 A - an amulet of magic regeneration
   (You found it on level 6 of the Dungeon)
 C - a ring of ice
   (You found it on level 1 of the Dungeon)
 G - an amulet of guardian spirit (around neck)
   (You took it off a hobgoblin on level 1 of the Dungeon)
 Y - a +4 ring of slaying
   (You found it on level 8 of the Dungeon)
Wands
 e - a wand of acid (16)
   (You found it on level 3 of the Dungeon)
 o - a wand of roots (11)
   (You found it on level 3 of the Dungeon)
 I - a wand of charming (28)
   (You found it on level 7 of the Dungeon)
Scrolls
 g - 5 scrolls of teleportation {@r4}
 m - a scroll of torment {unknown}
 n - 2 scrolls of noise {!r}
 t - 2 scrolls of vulnerability {!r!r}
 w - a scroll of enchant weapon
 y - a scroll of butterflies
 F - a scroll of fog
Potions
 b - a potion of lignification {!q}
 c - 6 potions of curing {@q1}
 h - 4 potions of brilliance
 i - a potion of degeneration {!q}
 j - 3 potions of berserk rage {!q}
 k - a potion of magic
 p - a potion of cancellation
 q - 3 potions of heal wounds {@q2}
 r - a potion of mutation {!q}
 x - 3 potions of flight
 z - 2 potions of might
 B - 4 potions of haste {@q3}
 E - a potion of ambrosia
 J - a potion of attraction {!q}

Dungeon Overview and Level Annotations

Branches:
Dungeon (8/15) Zot: 26075  Temple (0/1) D:6           Sewer (visited)
Ossuary (visited)
   Lair: D:8-11

Shops:
D:6 !

Portals:
Abyss: D:3

Annotations:
D:3 2 transporters, bmj180's ghost, amateur DrFE
D:4 1 runed translucent door, Miklu's ghost, amateur HuFi
D:7 3 runed translucent doors, MirrMurr's ghost, novice GnHu
D:8 Joseph

#.........# #.#######.#
#.# #.# #.# #.# #.# #.#
#.#######.# #.#.....#.#
##
#.#.###.#.#########...##
#...# #.........@@5.....
#.#.###.###########...##
..#.....# ##
#####.###### #)##...#
#......# ########...#
........#.## .######.#.#


You could see Joseph (invisible) and a white imp.


Message History

The steam dragon claws you but does no damage. 😨 HP[-4] MP[-1]
You take 4 damage, and now have 20/74 hp.
You lost 1 mp, and now have 7/22 mp.
You pummel the steam dragon!! You freeze the steam dragon.
You kill the steam dragon!
Your life force feels restored. 😨 HP[+1]
You now have 75 max hp (+1).
Unknown command.
You see here a steam dragon corpse.
You start resting.
Your transformation is almost over.
You warm up again.
Your +0 cloak unmelds from your body.
Your +1 robe unmelds from your body. 😮 HP[+12] MP[+11]
You now have 63 max hp (-12).
You regained 12 hp, and now have 33/63 hp.
You regained 11 mp, and now have 18/22 mp.
You see here a steam dragon corpse.
Key pressed, stopping explore.
Unknown command. 😕 HP[+21] MP[+4]
You regained 21 hp, and now have 54/63 hp.
Your mp is fully restored (22).
There is an open door here.
You open the door.
There is an open door here.
Key pressed, stopping explore.
Unknown command. 😎 HP[+9]
Your hp is fully restored (63).
A bullfrog comes into view.
A bullfrog is nearby!
A bullfrog is nearby!
A bullfrog is nearby!
The bullfrog croaks.
Joseph, a Mercenary comes into view.
He is wielding a +0 quarterstaff.
Casting: Ice Form (dangerous; 4% risk of failure)
Confirm with . or Enter, or press ? or * to list all spells.
The spell is quite dangerous to miscast (11% risk of failure)!
Continue anyway?
Your hands turn into razor-sharp scythe blades.
The bullfrog hits you! 😕 HP[-6] MP[-6]
You take 6 damage, and now have 57/63 hp.
You lost 6 mp, and now have 16/22 mp.
Casting: Blade Hands (quite dangerous; 47% risk of failure)
Confirm with . or Enter, or press ? or * to list all spells.
You miscast Wereblood.
You are very lightly contaminated with residual magic.
Nothing appears to happen.
The bullfrog hits you!
The bullfrog misses you. 😕 HP[-6] MP[-3]
You take 6 damage, and now have 51/63 hp.
You lost 3 mp, and now have 13/22 mp.
Casting: Wereblood (safe; 12% risk of failure)
Confirm with . or Enter, or press ? or * to list all spells.
Your blood is infused with primal strength.
The bullfrog hits you! The bullfrog hits you!
The bullfrog barely misses you. 😮 HP[-12] MP[-5]
You take 12 damage, and now have 39/63 hp.
You lost 5 mp, and now have 8/22 mp.
Unknown command.
You barely miss the bullfrog.
The bullfrog hits you but does no damage.
Joseph drinks a potion.
Joseph flickers and vanishes for a moment. 😮 MP[+1]
You slice the bullfrog!!
You feel a bit better.
You kill the bullfrog!
You hear a shout!
Joseph unwields a +0 quarterstaff.
Joseph wields a +4 sling.
Joseph shoots a sling bullet.
The sling bullet hits you!
* * * LOW HITPOINT WARNING * * *
A white imp comes into view. 😨 HP[-8] MP[-3]
You take 8 damage, and now have 31/63 hp.
You lost 3 mp, and now have 6/22 mp.
Your transformation is almost over.
The white imp gestures at you.
The puff of frost hits Joseph.
Joseph unwields a +4 sling.
Joseph wields a +0 quarterstaff.
Joseph hits you with a +0 quarterstaff!
* * * LOW HITPOINT WARNING * * *
😨 HP[-7] MP[-1]
You take 7 damage, and now have 24/63 hp.
You lost 1 mp, and now have 5/22 mp.
You hit Joseph but do no damage.
You howl as the wereblood boils in your veins!
You barely miss Joseph. Joseph barely misses you.
Your magical contamination has completely faded away.
Unknown command.
You barely miss Joseph.
Joseph hits you with a +0 quarterstaff!!
* * * LOW HITPOINT WARNING * * *
😱 HP[-16] MP[-3]
You take 16 damage, and now have 8/63 hp.
MASSIVE DAMAGE!! (PAUSE)
You lost 3 mp, and now have 2/22 mp.
You hit Joseph. Joseph hits you with a +0 quarterstaff!
You die...

Skill      XL: |  1  2  3  4  5  6  7  8  9 |
---------------+----------------------------+-----
Spellcasting   | 2 3 4 5 6 |  6.7
Transmutations | 2 3 4 5 7 |  7.4
Poison Magic   | 1 2 |  2.0
Ice Magic      | 1 2 4 6 |  6.0
Unarmed Combat | 3 4 5 6 |  6.9
Fighting       | |  0.8
Dodging        | |  1.7

Action                     |  1- 3 |  4- 6 |  7- 9 || total
---------------------------+-------+-------+-------++-------
  Melee: Unarmed           |   111 |   217 |   351 ||   679
         Kick              |    19 |    22 |     5 ||    46
         Headbutt          |    11 |    23 |       ||    34
         Punch             |     1 |     4 |     1 ||     6
   Cast: Beastly Appendage |    27 |    17 |     2 ||    46
         Spider Form       |     1 |     8 |     8 ||    17
         Wereblood         |       |     6 |    19 ||    25
         Ice Form          |       |     2 |    28 ||    30
         Blade Hands       |       |       |     2 ||     2
  Evoke: Wand              |       |       |     3 ||     3
    Use: Scroll            |     9 |     4 |     9 ||    22
         Potion            |       |     1 |       ||     1
   Stab: Sleeping          |     3 |       |       ||     3
 Armour: Robe              |    25 |    26 |     7 ||    58
         Skin              |       |    29 |    67 ||    96
  Dodge: Dodged            |    82 |   186 |   177 ||   445

Levels and vault maps discovered:
D:1:      lemuel_arrival_hallway, layout_basic, minmay_hexomino_f4
D:2:      kb_forest_paths, layout_basic
D:3:      layout_loops_cross, trog_wizard, nicolae_hepliaklqana_hippocampus,
          shapermc_ecumenical_altar_pompeii, gammafunk_ghost_abyssal_escape
D:4:      layout_loops_corners, ebering_ghost_reflecting_pool, uniq_natasha
D:5:      layout_basic, mainiacjoe_overflow_chevrons, lemuel_tele_altar,
          portal_sewer_entry_b
D:6:      layout_basic, minmay_temple_entry_glassed_door, enter_ossuary_5,
          serial_shops, shop, nrook_uturn, kennysheep_boxes
D:7:      layout_loops_corners, mainiacjoe_overflow_cross_hatched,
          lemuel_round_altar, biasface_ghost_orc_armoury
D:8:      layout_loops_corners, grunt_temple_overflow_order_and_chaos_1,
          ashenzari_conservatory_becter, mainiacjoe_overflow_surrounded_room,
          mainiacjoe_overflow_24_doors, lair_entry_dummy, minivault_25,
          uniq_joseph, uniq_maurice

Notes
Turn   | Place    | Note
-------+----------+-------------------------------------------
     0 | D:1      | kae the Demigod Transmuter began the quest for the Orb.
     0 | D:1      | Reached XP level 1. HP: 15/15 MP: 5/5
     0 | D:1      | magus.rc [v1.11.3]
   142 | D:1      | Reached skill level 2 in Spellcasting
   142 | D:1      | Reached skill level 2 in Transmutations
   371 | D:1      | Reached XP level 2. HP: 18/22 MP: 5/7
   777 | D:1      | Reached skill level 1 in Poison Magic
  1196 | D:2      | Reached XP level 3. HP: 24/27 MP: 6/9
  1199 | D:2      | Learned a level 2 spell: Wereblood
  1203 | D:2      | Learned a level 3 spell: Spider Form
  1607 | D:2      | You add the spells Gell's Gravitas, Teleport Other and
                  | Dispersal to your library.
  2543 | D:3      | Reached skill level 3 in Transmutations
  2543 | D:3      | Reached skill level 2 in Poison Magic
  2543 | D:3      | Reached XP level 4. HP: 33/34 MP: 6/10
  2573 | D:3      | Found a transporter.
  2971 | D:3      | Reached skill level 3 in Spellcasting
  3014 | D:3      | You pick up a book of Conjurations and begin reading...
  3014 | D:3      | You add the spells Magic Dart, Searing Ray and Fulminant
                  | Prism to your library.
  3035 | D:3      | Reached XP level 5. HP: 32/39 MP: 7/12
  3201 | D:3      | Found a transporter.
  3202 | D:3      | Noticed bmj180's ghost (amateur DrFE)
  3253 | D:3      | Noticed a wizard
  3258 | D:3      | Killed a wizard
  3284 | D:3      | Found a one-way gate to the infinite horrors of the Abyss.
  3306 | D:3      | You pick up a book of Callings and begin reading...
  3306 | D:3      | You add the spells Summon Small Mammal, Call Canine
                  | Familiar and Summon Guardian Golem to your library.
  3357 | D:3      | Noticed a toenail golem
  3513 | D:4      | Learned a level 4 spell: Ice Form
  3784 | D:4      | You pick up a book of Iron and begin reading...
  3784 | D:4      | You add the spells Animate Armour, Blade Hands and Iron
                  | Shot to your library.
  3836 | D:4      | Noticed Natasha
  3844 | D:4      | Killed Natasha
  4018 | D:4      | Reached skill level 1 in Ice Magic
  4035 | D:4      | Noticed Natasha
  4045 | D:4      | Killed Natasha
  4046 | D:4      | Reached skill level 3 in Unarmed Combat
  4046 | D:4      | Reached XP level 6. HP: 43/46 MP: 9/14
  4143 | D:4      | Reached skill level 4 in Transmutations
  4299 | D:4      | Reached skill level 2 in Ice Magic
  4419 | D:4      | You pick up a book of Storms and begin reading...
  4419 | D:4      | You add the spells Static Discharge, Airstrike and Summon
                  | Lightning Spire to your library.
  4718 | D:4      | Found a runed translucent door.
  4719 | D:4      | Noticed Miklu's ghost (amateur HuFi)
  4874 | D:5      | Entered Level 5 of the Dungeon
  4934 | D:5      | Reached XP level 7. HP: 45/51 MP: 12/16
  4965 | D:5      | Reached skill level 3 in Ice Magic
  4972 | D:5      | Reached skill level 4 in Spellcasting
  5504 | D:5      | Found a glowing drain.
  5530 | D:5      | Reached skill level 4 in Unarmed Combat
  5540 | Sewer    | Entered a sewer
  5655 | Sewer    | Reached skill level 4 in Ice Magic
  6009 | D:6      | Reached XP level 8. HP: 58/58 MP: 10/18
  6012 | D:6      | Reached skill level 5 in Transmutations
  6064 | D:6      | HP: 17/69 [orc warrior/+0 trident (8)]
  6100 | D:6      | Reached skill level 5 in Ice Magic
  6151 | D:6      | Found a sand-covered staircase.
  6183 | Ossuary  | Entered an ossuary
  6572 | D:6      | HP: 11/58 [electric eel/bolt of electricity (9)]
  6740 | D:6      | Learned a level 5 spell: Blade Hands
  6750 | D:6      | Noticed a gargoyle
  6760 | D:6      | Reached skill level 5 in Spellcasting
  6767 | D:6      | Killed a gargoyle
  6768 | D:6      | Reached skill level 5 in Unarmed Combat
  6874 | D:6      | Found Kedwiolu's Distillery.
  7049 | D:6      | Found a staircase to the Ecumenical Temple.
  7086 | D:6      | Reached skill level 6 in Ice Magic
  7094 | D:6      | HP: 15/69 [electric eel/bolt of electricity (9)]
  7787 | D:6      | Reached XP level 9. HP: 62/62 MP: 15/20
  8111 | D:7      | Reached skill level 6 in Transmutations
  8280 | D:7      | You pick up a book of Cantrips and begin reading...
  8280 | D:7      | You add the spells Necrotise and Apportation to your
                  | library.
  8601 | D:7      | Reached skill level 6 in Unarmed Combat
  8746 | D:7      | Reached skill level 6 in Spellcasting
  8855 | D:7      | You pick up a book of the Hunter and begin reading...
  8855 | D:7      | You add the spells Portal Projectile and Leda's
                  | Liquefaction to your library.
  9326 | D:7      | Reached skill level 7 in Transmutations
  9327 | D:7      | Found a runed translucent gate.
  9327 | D:7      | Identified the +4 chain mail of the Villain {Stlth+}
  9328 | D:7      | Noticed MirrMurr's ghost (novice GnHu)
  9346 | D:7      | Found a runed translucent gate.
  9347 | D:7      | Found a runed translucent gate.
  9347 | D:7      | Found the +2 cloak of the Thief {*Fog Slay-2 SInv Stlth+}
  9692 | D:8      | Noticed Maurice
  9699 | D:8      | Killed Maurice
  9898 | D:8      | Killed an angel
 10543 | D:8      | Noticed Joseph
 10554 | D:8      | HP: 8/63 [Joseph/+0 quarterstaff (16)]
 10555 | D:8      | Slain by Joseph

Vanquished Creatures
  Maurice (D:8)
  A gargoyle (D:6)
  A steam dragon (D:8)
  A water moccasin (D:7)
  3 orc warriors
  An ice beast (D:7)
  A black bear (D:5)
  An ogre (D:7)
  4 kobold brigands
  3 bullfrogs
  An elf zombie (Ossuary)
  4 scorpions
  15 wights
  3 killer bees (D:7)
  A howler monkey (D:5)
  5 electric eels (D:6)
  4 hounds
  A human zombie (Ossuary)
  6 orc priests
  3 jellies
  A gnoll bouda (D:7)
  Natasha (twice) (D:4)
  An iguana (D:5)
  10 orc wizards
  2 mummies (Ossuary)
  7 adders
  5 gnolls (D:7)
  6 river rats
  A shadow imp (D:7)
  A white imp (D:7)
  2 worms
  28 orcs
  4 endoplasms
  3 giant cockroaches
  12 goblins
  11 hobgoblins
  8 jackals
  7 quokkas
  7 ball pythons
  4 bats
  5 frilled lizards
  A goblin zombie (Ossuary)
  14 hobgoblin zombies (Ossuary)
  16 kobolds
  10 kobold zombies (Ossuary)
  7 orc zombies (Ossuary)
  9 rats
  2 rat zombies (Ossuary)
246 creatures vanquished.

Vanquished Creatures (others)
  An angel (D:8)
  A wizard (D:3)
  2 kobolds (D:6)
4 creatures vanquished.

Grand Total: 250 creatures vanquished

Table legend:
 A = Non-vault XP
 B = Vault XP
 C = Vault XP percentage of total XP
 D = Non-vault monster count
 E = Vault monster count
 F = Vault count percentage of total count
                 A         B        C        D         E       F
            +---------+---------+-------+---------+---------+-------
      Total |    5313 |     995 |  15.8 |     174 |      72 |  29.3
            +---------+---------+-------+---------+---------+-------
        D:1 |      29 |       5 |  14.7 |      17 |       3 |  15.0
        D:2 |      56 |      19 |  25.3 |      13 |       6 |  31.6
        D:3 |     190 |       0 |   0.0 |      21 |       0 |   0.0
        D:4 |     477 |      36 |   7.0 |      39 |       1 |   2.5
        D:5 |     482 |      67 |  12.2 |       9 |       7 |  43.8
        D:6 |    1610 |       0 |   0.0 |      27 |       0 |   0.0
        D:7 |    1822 |       0 |   0.0 |      38 |       0 |   0.0
        D:8 |     647 |     439 |  40.4 |      10 |       1 |   9.1
      Sewer |       0 |     227 | 100.0 |       0 |      16 | 100.0
    Ossuary |       0 |     202 | 100.0 |       0 |      38 | 100.0
            +---------+---------+-------+---------+---------+-------

Skill      XL: |  1  2  3  4  5  6  7  8  9 |
---------------+----------------------------+-----
Spellcasting   | 2 3 4 5 6 |  6.7
Transmutations | 2 3 4 5 7 |  7.4
Poison Magic   | 1 2 |  2.0
Ice Magic      | 1 2 4 6 |  6.0
Unarmed Combat | 3 4 5 6 |  6.9
Fighting       | |  0.8
Dodging        | |  1.7

Action                     |  1- 3 |  4- 6 |  7- 9 || total
---------------------------+-------+-------+-------++-------
  Melee: Unarmed           |   111 |   217 |   351 ||   679
         Kick              |    19 |    22 |     5 ||    46
         Headbutt          |    11 |    23 |       ||    34
         Punch             |     1 |     4 |     1 ||     6
   Cast: Beastly Appendage |    27 |    17 |     2 ||    46
         Spider Form       |     1 |     8 |     8 ||    17
         Wereblood         |       |     6 |    19 ||    25
         Ice Form          |       |     2 |    28 ||    30
         Blade Hands       |       |       |     2 ||     2
  Evoke: Wand              |       |       |     3 ||     3
    Use: Scroll            |     9 |     4 |     9 ||    22
         Potion            |       |     1 |       ||     1
   Stab: Sleeping          |     3 |       |       ||     3
 Armour: Robe              |    25 |    26 |     7 ||    58
         Skin              |       |    29 |    67 ||    96
  Dodge: Dodged            |    82 |   186 |   177 ||   445

Illustrated notes

Table legend:
 A = Kills in this place as a percentage of kills in the entire game.
 B = Kills by you in this place as a percentage of kills by you in the entire game.
 C = Kills by friends in this place as a percentage of kills by friends in the entire game.
 D = Other kills in this place as a percentage of other kills in the entire game.
 E = Experience gained in this place as a percentage of experience gained in the entire game.
 F = Experience gained in this place divided by the number of levels of this place that you have seen.
                   A       B       C       D       E      F
               +-------+-------+-------+-------+-------+----------------------
         Total | 100.0 | 100.0 |   N/A |   N/A | 100.0 | 630.8
       Dungeon |  78.0 |  78.0 |   N/A |   N/A |  93.2 | 734.9
         Sewer |   6.5 |   6.5 |   N/A |   N/A |   3.6 | 227.0
       Ossuary |  15.4 |  15.4 |   N/A |   N/A |   3.2 | 202.0
               +-------+-------+-------+-------+-------+----------------------

Table legend: (Time is in decaauts)
 A = Elapsed time spent in this place.
 B = Non-inter-level travel time spent in this place.
 C = Inter-level travel time spent in this place.
 D = Time resting spent in this place.
 E = Time spent auto-exploring this place.
 F = Levels seen in this place.
 G = Mean time per level.
                   A        B        C        D        E       F      G
               +--------+--------+--------+--------+--------+-----+--------+
         Total |  10570 |  10235 |    335 |    792 |   7484 |  10 | 1057.0 |
       Dungeon |   9886 |   9551 |    335 |    786 |   7037 |   8 | 1235.8 |
         Sewer |    334 |    334 |      0 |      0 |    241 |   1 |  334.0 |
       Ossuary |    349 |    349 |      0 |      6 |    205 |   1 |  349.0 |
               +--------+--------+--------+--------+--------+-----+--------+

Top non-repeatable levels by time:
     D:6: 1816 daAuts
     D:7: 1516 daAuts
     D:4: 1357 daAuts
     D:2: 1268 daAuts
     D:3: 1137 daAuts
     D:1: 1093 daAuts
     D:8: 923 daAuts
     D:5: 774 daAuts
 Ossuary: 349 daAuts
   Sewer: 334 daAuts
